 Dungeon Crawl Stone Soup version 0.27-a0-1519-gc8121b24ce (webtiles) character file.

Game seed: 1966363251303490639

160381 Froggeryz the Tortoise (level 17, -20/142 HPs)
             Began as a Barachi Fighter on July 9, 2021.
             Was an Initiate of Gozag.
             Killed from afar by a deep elf zephyrmancer (28 damage)
             ... with a bolt of lightning
             ... on level 1 of the Elven Halls.
             The game lasted 00:59:38 (44390 turns).

Froggeryz the Tortoise (Barachi Fighter)           Turns: 44390, Time: 00:59:38

Health: -20/142    AC: 33    Str: 24    XL:     17   Next: 76%
Magic:  17/17      EV:  6    Int: 14    God:    Gozag
Gold:   1457       SH: 17    Dex: 11    Spells: 16/16 levels left

rFire    + + .     SeeInvis +   A - +2 long sword (flame)
rCold    + + .     Faith    .   k - +3 kite shield {reflect}
rNeg     . . .     Spirit   .   O - +9 scales of the Dragon King {rPois rF+ rC+ Will+}
rPois    +         Reflect  +   B - +0 helmet
rElec    .         Harm     .   X - scarf {rC+ rF+}
rCorr    .         Rampage  .   (no gloves)
Will     ++...                  b - +1 pair of boots {Fly}
Stlth    ..........             U - amulet of Peimawke {Regen+ Int+4}
HPRegen  1.33/turn              N - ring of see invisible
MPRegen  0.15/turn              l - +4 ring of slaying

@: unable to hop, flying, slow
A: amphibious, slowness 1, strong legs 2, +LOS
a: Hop, Renounce Religion, Potion Petition, Call Merchant, Bribe Branch


You were on level 1 of the Elven Halls.
You worshipped Gozag.
Gozag was most pleased with you.
You visited 5 branches of the dungeon, and saw 25 of its levels.
You also visited: Sewer and Gauntlet.

You collected 11408 gold pieces.
You spent 6200 gold pieces at shops.
You paid 3751 gold pieces to Gozag.

Inventory:

Hand Weapons
 A - a +2 long sword of flaming (weapon)
 S - a +7 eveningstar of electrocution
Missiles
 i - 4 throwing nets
 j - 93 poisoned darts
 m - 42 boomerangs
 u - 4 curare-tipped darts
 v - 34 silver javelins (quivered)
 M - 3 atropa-tipped darts
 P - 6 javelins
 V - 14 silver boomerangs
Armour
 b - a +1 pair of boots of flying (worn)
 k - a +3 kite shield of reflection (worn)
 B - a +0 helmet (worn)
 O - the +9 scales of the Dragon King (worn) {rPois rF+ rC+ Will+}
   (You bought it in a shop on level 2 of the Lair of Beasts)

   rF:        It protects you from fire.
   rC:        It protects you from cold.
   rPois:     It protects you from poison.
   Will:      It increases your willpower.
 X - a scarf of resistance (worn)
Jewellery
 l - a +4 ring of slaying (right hand)
 w - a ring of positive energy
 H - a ring of ice
 N - a ring of see invisible (left hand)
 U - the amulet of Peimawke (around neck) {Regen+ Int+4}
   (You took it off a minotaur in a Gauntlet)

   [amulet of regeneration]

   Int:       It affects your intelligence (+4).
   Regen:     It increases your rate of health regeneration.
Wands
 o - a wand of polymorph (12)
 r - a wand of iceblast (27)
 t - a wand of flame (43)
 y - a wand of paralysis (17)
 E - a wand of acid (8)
 Y - a wand of digging (12)
Scrolls
 e - 13 scrolls of teleportation
 h - 9 scrolls of fog
 p - 11 scrolls of magic mapping
 x - 4 scrolls of immolation
 z - a scroll of blinking
 W - 2 scrolls of silence
Potions
 a - 9 potions of curing
 f - 6 potions of haste
 g - a potion of magic {unknown}
 n - 3 potions of lignification
 s - a potion of cancellation
 C - 6 potions of ambrosia
 F - 2 potions of invisibility
 K - a potion of berserk rage
 L - 2 potions of attraction
 T - a potion of resistance


   Skills:
 - Level 15.1 Fighting
 - Level 14.4 Long Blades
 * Level 14.1 Maces & Flails
 - Level 9.3 Throwing
 - Level 15.4 Armour
 - Level 15.0 Shields
 - Level 10.2 Evocations


You had 16 spell levels left.
You didn't know any spells.
Your spell library contained the following spells:

 Spells                   Type           Power      Damage    Failure   Level
 Magic Dart               Conj           0%         1d3       100%        1
 Pain                     Necr           0%         1d4       100%        1
 Sandblast                Erth           0%         2d4       100%        1
 Shock                    Conj/Air       0%         1d3       100%        1
 Sting                    Tmut/Pois      0%         1d3       100%        1
 Summon Small Mammal      Summ           0%         N/A       100%        1
 Blink                    Tloc           N/A        N/A       100%        2
 Corpse Rot               Necr/Air       N/A        N/A       100%        2
 Passwall                 Tmut/Erth      0%         N/A       100%        2
 Searing Ray              Conj           0%         3d3       100%        2
 Slow                     Hex            0%         N/A       100%        2
 Sublimation of Blood     Necr           0%         N/A       100%        2
 Call Canine Familiar     Summ           0%         N/A       100%        3
 Confusing Touch          Hex            0%         N/A       100%        3
 Conjure Flame            Conj/Fire      0%         6-21      100%        3
 Dazzling Flash           Conj/Hex       0%         N/A       100%        3
 Ignite Poison            Fire/Tmut/Pois 0%         N/A       100%        3
 Lesser Beckoning         Tloc           0%         N/A       100%        3
 Ozocubu's Armour         Ice            0%         N/A       100%        3
 Portal Projectile        Hex/Tloc       0%         N/A       100%        3
 Stone Arrow              Conj/Erth      0%         3d7       100%        3
 Summon Guardian Golem    Hex/Summ       0%         N/A       100%        3
 Swiftness                Air            0%         N/A       100%        3
 Vampiric Draining        Necr           0%         2d6       100%        3
 Airstrike                Air            0%         N/A       100%        4
 Dispel Undead            Necr           0%         3d6       100%        4
 Fulminant Prism          Conj/Hex       0%         3d6       100%        4
 Iskenderun's Mystic Bla  Conj/Tloc      0%         2d3       100%        4
 Petrify                  Tmut/Erth      0%         N/A       100%        4
 Sticky Flame             Conj/Fire      0%         2d3       100%        4
 Summon Lightning Spire   Summ/Air       0%         N/A       100%        4
 Agony                    Necr           0%         N/A       100%        5
 Blade Hands              Tmut           0%         N/A       100%        5
 Bolt of Magma            Conj/Fire/Erth 0%         4d4       100%        5
 Excruciating Wounds      Necr           0%         N/A       100%        5
 Irradiate                Conj/Tmut      0%         3d13      100%        5
 Iskenderun's Battlesphe  Conj           0%         2d6       100%        5
 Lee's Rapid Deconstruct  Erth           0%         3d5*      100%        5
 Manifold Assault         Tloc           0%         N/A       100%        5
 Metabolic Englaciation   Hex/Ice        0%         N/A       100%        5
 Death Channel            Necr           0%         N/A       100%        6
 Iron Shot                Conj/Erth      0%         9d1       100%        6
 Simulacrum               Ice/Necr       0%         N/A       100%        6
 Starburst                Conj/Fire      0%         8x6d3     100%        6
 Spellforged Servitor     Conj/Summ      0%         N/A       100%        7
 Storm Form               Tmut/Air       0%         N/A       100%        7
 Maxwell's Capacitive Co  Air            0%         ∞         100%        8
 Shatter                  Erth           0%         3d5*      100%        9


Dungeon Overview and Level Annotations

Branches:
Dungeon (15/15)            Temple (1/1) D:5            Lair (6/6) D:9
 Shoals (0/4) Lair:3       Spider (0/4) Lair:2        Slime (0/5) Lair:5
    Orc (2/2) D:9             Elf (1/3) Orc:2        Vaults (0/5) D:13
 Depths (0/5) D:15          Sewer (visited)         Gauntlet (visited)

Altars:
Ashenzari
Cheibriados
Dithmenos
Elyvilon
Fedhas
Gozag
Hepliaklqana
Kikubaaqudgha
Makhleb
Nemelex Xobeh
Okawaru
Qazlal
Ru
Sif Muna
Trog
Uskayaw
Vehumet
Wu Jian
Xom
Yredelemnul
Zin
The Shining One
Lugonu

Shops:
D:1 [   D:7 *   D:9 *   Orc:2 ?[*((   Elf:1 [   Lair:2 *

Portals:
Abyss: Lair:4

Annotations:
D:7 2 transporters
D:14 2 runed translucent doors
Lair:4 1 transporter, Ytzathau's ghost, journeyman MiDe


Innate Abilities, Weirdness & Mutations

You are amphibious.
You cover ground slowly.
You can hop long distances.
You have an extended range of vision and can be seen from far away.


Message History

The deep elf zephyrmancer mumbles some strange words.
The deep elf zephyrmancer blinks!
The deep elf zephyrmancer mumbles some strange words.
The deep elf zephyrmancer blinks!
The deep elf knight points at you and mumbles some strange words.
The shard of ice hits you. You partially resist.
A deep elf pyromancer comes into view. It is wielding a +0 rapier.
The deep elf zephyrmancer gestures at you while chanting.
The bolt of lightning hits you!!
The deep elf zephyrmancer points at you and mumbles some strange words.
The bolt of lightning hits you!!
* * * LOW HITPOINT WARNING * * *
You feel much better.
The deep elf pyromancer mumbles some strange words.
The deep elf pyromancer blinks!
The deep elf zephyrmancer gestures at you while chanting.
The bolt of lightning hits you!
* * * LOW HITPOINT WARNING * * *
Aiming: Paralyse
Press: ? - help, Shift-Dir - straight line, f - deep elf zephyrmancer
Aim: a deep elf zephyrmancer, wielding a +0 dagger (chance to affect: 55%)
The deep elf zephyrmancer suddenly stops moving!
The deep elf knight points at you and mumbles some strange words.
The lance of force hits you!
* * * LOW HITPOINT WARNING * * *
You are knocked back by the lance of force.
You slam into the rock wall!
The deep elf pyromancer gestures wildly while chanting.
The deep elf pyromancer blinks!
You feel much better.
The deep elf knight gestures at you while chanting.
The shard of ice hits you!!! You partially resist.
* * * LOW HITPOINT WARNING * * *
Hop to where?
Press: ? - help, Dir - move target, p - deep elf zephyrmancer Boing!
The deep elf zephyrmancer casts a spell at you.
The bolt of lightning hits you!!
You die...
Your body crumbles into a pile of gold.

#####.###.##..##
##...#.##...#..#.
$#####..............'.
.# #...#.#.)#.##......#.
..#
$#.#○#..)##.....#...##
..
####..e##'######.###.###
#(#.#..e#.#...# ##.#.##
#...'$#e....#.# #...#
##'##.$$#e#@..# ##.##
#$##...#### ##...####
'.. #.#.# ##.....#..
..#.# #?.!# #........#
## #. ##### #.........#
.. #.......... #.
#.........# ..
##........# ###
##.....#.#


You could see a deep elf knight, a deep elf pyromancer and a deep elf
zephyrmancer.

Vanquished Creatures
  Rupert (D:12)
  A stone giant (D:15)
  The ghost of Jakan the Bludgeoner, an adept VSIE of Uskayaw (D:14)
  A dire elephant (Lair:4)
  2 minotaurs
  Snorg (Lair:2)
  8 ogre magi
  3 boulder beetles
  The ghost of Delamore the Cruncher, a journeyman FoFi of Gozag (D:9)
  8 centaur warriors
  17 hydras
  27 two-headed ogres
  4 tengu warriors
  A death scarab (Gauntlet)
  An orc high priest (Orc:2)
  7 death yaks
  Nergalle (Lair:4)
  2 deep elf knights (Elf:1)
  2 fire crabs
  A death drake (Gauntlet)
  A fire crab (shapeshifter) (D:15)
  An orange crystal statue (D:14)
  12 deep elf pyromancers
  An orc knight (Orc:1)
  4 oklob plants (Lair:6)
  2 wolf spiders
  5 deep elf zephyrmancers (Elf:1)
  An orc sorcerer (Orc:2)
  8 manticores
  4 ugly things
  6 cyclopes
  A spectral centaur (Gauntlet)
  2 centaur zombies (Gauntlet)
  33 elephants
  3 black mambas
  A water nymph (shapeshifter) (Elf:1)
  3 gargoyles
  An ice statue (Gauntlet)
  A torpor snail (Lair:3)
  5 rime drakes
  12 cane toads
  A kobold demonologist (D:11)
  2 unseen horrors (D:12)
  A freezing wraith (D:14)
  5 yaktaurs (D:15)
  14 komodo dragons
  A tengu conjurer (D:15)
  15 polar bears
  A spectral harpy (Gauntlet)
  3 meliai
  A hornet (D:10)
  A queen bee (Lair:3)
  4 trolls
  A merfolk (Lair:3)
  11 blink frogs
  Grinder (D:6)
  26 dream sheep
  7 slime creatures
  2 raiju (Lair:6)
  2 air elementals (Elf:1)
  A redback (Lair:2)
  A tarantella (shapeshifter) (D:15)
  7 wyverns
  A spriggan (Lair:1)
  3 basilisks
  4 wraiths
  76 yaks
  A vampire (D:13)
  14 vampire mosquitoes
  2 steam dragons
  A spectral fire crab (Gauntlet)
  12 wargs
  16 two-headed ogre zombies (D:12)
  12 water moccasins
  13 hell hounds (Lair:6)
  2 ice beasts
  11 black bears (Lair:6)
  A necrophage (D:5)
  18 orc warriors
  A sky beast (D:7)
  32 wolves
  32 ogres
  7 centaurs
  A phantom (D:6)
  A kobold brigand (D:9)
  19 bullfrogs
  2 earth elementals (Elf:1)
  A gnoll sergeant (D:10)
  3 scorpions
  A wyvern zombie (D:6)
  A wyvern skeleton (D:7)
  A water moccasin skeleton (D:5)
  38 killer bees
  8 wights
  9 electric eels
  A bullfrog zombie (D:3)
  A jelly (Lair:5)
  13 orc priests
  3 hounds
  An iguana (D:6)
  6 hell rats
  5 merfolk sirens
  23 orc wizards
  A merfolk avatar (Sewer)
  2 hound zombies (D:3)
  7 gnolls
  8 adders
  A river rat (D:3)
  A shadow imp (D:7)
  A white imp (D:8)
  An ufetubus (D:5)
  An adder zombie (D:5)
  3 worms
  3 dart slugs
  64 orcs
  5 ball pythons
  5 bats
  7 endoplasms
  3 giant cockroaches
  7 goblins
  9 hobgoblins
  16 jackals
  7 quokkas
  6 frilled lizards
  4 kobolds
  34 rats
898 creatures vanquished.

Vanquished Creatures (others)
  Nessos (D:12)
  7 dancing weapons
  A deep elf knight (D:14)
  A wolf (Lair:5)
  51 fungi
  114 plants
  4 withered plants (Gauntlet)
179 creatures vanquished.

Grand Total: 1077 creatures vanquished

Notes
Turn   | Place    | Note
-------+----------+-------------------------------------------
     0 | D:1      | Froggeryz the Barachi Fighter began the quest for the Orb.
     0 | D:1      | Reached XP level 1. HP: 18/18 MP: 1/1
    29 | D:1      | Found Ruboda's Antique Armour Boutique.
   419 | D:1      | Reached XP level 2. HP: 24/24 MP: 2/2
  1545 | D:2      | Reached XP level 3. HP: 29/29 MP: 3/3
  1811 | D:2      | Found a broken altar of Ashenzari.
  2328 | D:2      | You fall into a shaft and drop 1 floor!
  2362 | D:3      | Reached XP level 4. HP: 36/36 MP: 4/4
  2454 | D:3      | Found a glowing drain.
  2458 | Sewer    | Entered a sewer
  2529 | Sewer    | Reached XP level 5. HP: 41/41 MP: 5/5
  2568 | Sewer    | Reached skill level 5 in Long Blades
  3289 | Sewer    | Noticed a malarious merfolk avatar
  3453 | Sewer    | Killed a malarious merfolk avatar
  3454 | Sewer    | Reached XP level 6. HP: 44/47 MP: 6/6
  3965 | D:3      | Reached skill level 5 in Shields
  4613 | D:4      | Found a transporter.
  5278 | D:4      | Found a transporter.
  5462 | D:4      | Reached XP level 7. HP: 45/52 MP: 7/7
  5805 | D:4      | Identified the +2 robe "Gecseumewa" {Rampage Regen+ Str+4}
  5825 | D:5      | Entered Level 5 of the Dungeon
  5841 | D:5      | Found a staircase to the Ecumenical Temple.
  5866 | Temple   | Entered the Ecumenical Temple
  6064 | Temple   | Became a worshipper of Gozag Ym Sagoz the Greedy
  6615 | D:5      | Reached XP level 8. HP: 43/59 MP: 8/8
  7120 | D:6      | Noticed Grinder
  7270 | D:6      | Killed Grinder
  7271 | D:6      | Reached skill level 10 in Long Blades
  7354 | D:6      | Found a bloodstained altar of Trog.
  7430 | D:6      | Found a broken altar of Ashenzari.
  7636 | D:7      | Found a transporter.
  7637 | D:7      | Noticed a green ugly thing
  7641 | D:7      | Found a corrupted altar of Lugonu.
  8125 | D:7      | Found Xitreob's General Store.
  8142 | D:7      | Bought 2 potions of heal wounds for 130 gold pieces
  8168 | D:7      | Reached XP level 9. HP: 52/64 MP: 9/9
  8344 | D:7      | Found a sacrificial altar of Ru.
  8396 | D:7      | Found a stormy altar of Qazlal.
  8472 | D:7      | Reached skill level 1 in Throwing
  8679 | D:7      | Found a transporter.
  8681 | D:7      | Noticed a white ugly thing
  8681 | D:7      | Noticed a white ugly thing
 10391 | D:9      | Found a staircase to the Lair.
 10402 | D:9      | Reached XP level 10. HP: 47/70 MP: 10/10
 11250 | D:9      | Found an iron altar of Okawaru.
 11304 | D:9      | Reached skill level 5 in Throwing
 11695 | D:9      | Found a staircase to the Orcish Mines.
 11794 | D:9      | Noticed a two-headed ogre
 12112 | D:9      | Killed a two-headed ogre
 12364 | D:9      | Found a runed translucent door.
 12364 | D:9      | Found a shimmering altar of Xom.
 12364 | D:9      | Noticed a +0 long sword of chaos
 12364 | D:9      | Noticed Delamore's ghost (journeyman FoFi)
 12483 | Lair:1   | Entered Level 1 of the Lair of Beasts
 12483 | Lair:1   | Noticed a cane toad
 12493 | D:9      | Killed a cane toad
 12772 | Lair:1   | Noticed a five-headed hydra
 12790 | D:9      | Bought a scroll labelled UQIETU NEVVYH for 31 gold pieces
 12790 | D:9      | Bought a scroll labelled RUTIBLUTEO for 31 gold pieces
 12790 | D:9      | Bought a fuming ruby potion for 27 gold pieces
 12790 | D:9      | Bought a blackened brass ring for 155 gold pieces
 13001 | D:10     | Entered Level 10 of the Dungeon
 13397 | D:10     | Found a snail-covered altar of Cheibriados.
 13420 | D:10     | Noticed Sonja
 13421 | D:10     | Noticed Sonja
 13421 | D:10     | Sonja changed into Sonja the blink frog
 13424 | D:10     | Killed Sonja the blink frog
 13425 | D:10     | Reached skill level 10 in Shields
 13602 | D:10     | Reached XP level 11. HP: 28/75 MP: 11/11
 13893 | D:10     | Noticed a two-headed ogre
 13901 | D:10     | Killed a two-headed ogre
 14361 | D:10     | Noticed a two-headed ogre
 14369 | D:10     | Killed a two-headed ogre
 14602 | D:11     | Noticed a boulder beetle
 14608 | D:11     | HP: 2/78 [boulder beetle (22)]
 15437 | Lair:1   | Reached skill level 5 in Fighting
 15615 | Lair:1   | Killed a two-headed hydra
 15711 | Lair:1   | Reached skill level 5 in Armour
 16599 | Lair:1   | Reached XP level 12. HP: 86/86 MP: 12/12
 17247 | Lair:2   | Bought a serpentine jade amulet for 145 gold pieces
 17247 | Lair:2   | Identified the amulet "Ceuv" {Faith rPois rCorr} (You
                  | bought it in a shop on level 2 of the Lair of Beasts)
 17252 | Lair:2   | Bought a scroll labelled DUDYGA LERAY for 29 gold pieces
 18617 | Lair:2   | Noticed a five-headed hydra
 18629 | Lair:2   | Killed a one-headed hydra
 18779 | Lair:2   | Found a hole to the Spider Nest.
 20343 | Lair:3   | Noticed an eight-headed hydra
 20357 | Lair:3   | Reached skill level 15 in Shields
 20357 | Lair:3   | Gained mutation: You can hop long distances. [Barachi
                  | growth]
 20357 | Lair:3   | Reached XP level 13. HP: 70/91 MP: 13/13
 20373 | Lair:3   | Reached skill level 10 in Armour
 21451 | Lair:3   | Noticed Snorg
 22089 | Lair:2   | Killed Snorg
 22785 | Lair:3   | Found a staircase to the Shoals.
 23073 | Lair:3   | Identified a scroll of acquirement
 23074 | Lair:3   | Acquired 1149 gold pieces
 24000 | Lair:3   | Reached skill level 10 in Fighting
 24886 | Lair:4   | Noticed a dire elephant
 24913 | Lair:4   | Killed a dire elephant
 25330 | Lair:4   | Reached skill level 1 in Evocations
 25374 | Lair:4   | Reached XP level 14. HP: 78/113 MP: 14/14
 26176 | Lair:4   | Noticed Nergalle
 26217 | Lair:4   | Killed Nergalle
 26537 | Lair:4   | Reached skill level 5 in Evocations
 27083 | Lair:4   | Found a transporter.
 27114 | Lair:4   | Found a transporter.
 27122 | Lair:4   | Found a one-way gate to the infinite horrors of the Abyss.
 27122 | Lair:4   | Noticed Ytzathau's ghost (journeyman MiDe)
 30238 | Lair:5   | Found a staircase to the Slime Pits.
 30998 | Lair:6   | Entered Level 6 of the Lair of Beasts
 31860 | Lair:6   | Reached XP level 15. HP: 94/118 MP: 15/15
 31963 | Lair:2   | Bought the +9 scales of the Dragon King {rPois rF+ rC+
                  | Will+} for 3619 gold pieces
 31963 | Lair:2   | Found the +9 scales of the Dragon King {rPois rF+ rC+
                  | Will+}
 32409 | Lair:6   | Reached skill level 15 in Armour
 32886 | Lair:6   | Reached skill level 10 in Evocations
 33394 | Lair:6   | Upgraded the game from 0.27-a0-1512-g99fd57bada to
                  | 0.27-a0-1519-gc8121b24ce
 35477 | Orc:1    | Entered Level 1 of the Orcish Mines
 36374 | Orc:2    | Entered Level 2 of the Orcish Mines
 36577 | Orc:2    | Found a gate leading to a gauntlet.
 36634 | Gauntlet | Entered a Gauntlet
 36634 | Gauntlet | Found a runed translucent gate.
 36634 | Gauntlet | Found a transporter.
 36634 | Gauntlet | Found a runed translucent gate.
 36634 | Gauntlet | Found a runed translucent gate.
 36634 | Gauntlet | Found a transporter.
 36635 | Gauntlet | Found a transporter.
 36636 | Gauntlet | Found a transporter.
 36639 | Gauntlet | Found a transporter.
 36639 | Gauntlet | Found a transporter.
 36643 | Gauntlet | Found a runed translucent door.
 36671 | Gauntlet | Found a transporter.
 36675 | Gauntlet | Found a transporter.
 36683 | Gauntlet | Found a transporter.
 36699 | Gauntlet | Found a transporter.
 36713 | Gauntlet | Found a transporter.
 36717 | Gauntlet | Found a transporter.
 36719 | Gauntlet | Found a runed translucent door.
 37116 | Gauntlet | Identified the +1 dagger of Megalomania {flame, Contam rN+
                  | Int+10 Dex+3}
 37116 | Gauntlet | Identified the amulet of Peimawke {Regen+ Int+4}
 37339 | Gauntlet | Got the Tome of Displacement
 37342 | Gauntlet | Got the Reference Book on Changing
 37573 | Orc:2    | Reached XP level 16. HP: 125/132 MP: 16/16
 37901 | Orc:2    | Found a staircase to the Elven Halls.
 37906 | Orc:2    | Found Fiergh's Assorted Antiques.
 37906 | Orc:2    | Found Tidwuczarea's Assorted Antiques.
 37907 | Orc:2    | Found Baastryha's Magic Scroll Shop.
 37907 | Orc:2    | Found Byiloat's Armour Shoppe.
 37968 | Orc:2    | Reached skill level 15 in Fighting
 38037 | Orc:2    | Found Mymukale's Antique Weapon Emporium.
 38081 | Orc:2    | Found a shimmering blue altar of Sif Muna.
 38292 | Orc:2    | Bought a scroll labelled FAMAKO VEUMUA for 29 gold pieces
 38292 | Orc:2    | Bought a scroll of teleportation for 87 gold pieces
 38293 | Orc:2    | Bought a scarf of resistance for 480 gold pieces
 38295 | Orc:2    | Bought a scroll of acquirement for 884 gold pieces
 38295 | Orc:2    | Bought a scroll of teleportation for 51 gold pieces
 38295 | Orc:2    | Bought a scroll of teleportation for 51 gold pieces
 38295 | Orc:2    | Bought a scroll of fog for 34 gold pieces
 38295 | Orc:2    | Bought a scroll of magic mapping for 59 gold pieces
 38295 | Orc:2    | Bought a scroll of magic mapping for 59 gold pieces
 38295 | Orc:2    | Bought a scroll of magic mapping for 59 gold pieces
 38420 | Orc:2    | Bought a +0 eveningstar of protection for 240 gold pieces
 38536 | D:9      | Killed Delamore's ghost
 38537 | D:9      | Reached skill level 1 in Maces & Flails
 39338 | D:12     | Noticed Rupert
 39409 | D:12     | Acquired a +2 kite shield of reflection
 39542 | D:12     | Killed Rupert
 39543 | D:12     | Reached skill level 5 in Maces & Flails
 39599 | D:12     | You fall into a shaft and drop 1 floor!
 39664 | D:13     | Identified the +2 battleaxe of Vose {freeze, Dex+3}
 39891 | D:13     | You fall into a shaft and drop 2 floors!
 39891 | D:15     | Entered Level 15 of the Dungeon
 39962 | D:14     | Found a runed translucent door.
 40053 | D:14     | Found a runed translucent door.
 40069 | D:14     | Found a runed translucent door.
 40442 | D:12     | Paralysed by an ogre mage for 3 turns
 40718 | D:12     | Noticed Nessos
 40726 | D:12     | Killed Nessos
 41006 | D:13     | Found a gate to the Vaults.
 41034 | D:13     | Reached XP level 17. HP: 74/142 MP: 17/17
 41302 | D:13     | Reached skill level 10 in Maces & Flails
 41473 | D:14     | Found a runed translucent door.
 41488 | D:14     | Found a runed translucent gate.
 41488 | D:14     | Found a runed translucent gate.
 41488 | D:14     | Found a runed translucent gate.
 41714 | D:14     | Noticed Jakan's ghost (adept VSIE)
 42363 | D:14     | Killed Jakan's ghost
 43573 | D:15     | Found a staircase to the Depths.
 43800 | Elf:1    | Entered Level 1 of the Elven Halls
 43960 | Elf:1    | Paralysed by an air elemental for 1 turns
 43963 | Elf:1    | Paralysed by an air elemental for 1 turns
 44028 | Elf:1    | Paralysed by an air elemental for 1 turns
 44389 | Elf:1    | HP: 6/142 [deep elf knight/shard of ice (37)]
 44390 | Elf:1    | Killed from afar by a deep elf zephyrmancer

Illustrated notes

Levels and vault maps discovered:
D:1:      minmay_arrival_nine_rooms, layout_loops_corners, serial_forest,
          infiniplex_forest_lined_2, infiniplex_forest_clump_small,
          infiniplex_forest_end_2, infiniplex_forest_zigzag_2,
          infiniplex_forest_lined_4_way, infiniplex_forest_end_3,
          infiniplex_forest_clump_double, infiniplex_forest_end_3,
          infiniplex_forest_clump_curved, serial_shops, shop
D:2:      layout_basic, basic_altar
D:3:      layout_basic, gup_sewer_entry_spiral
D:4:      gammafunk_steamed_eel, layout_rooms, serial_co_window_serial,
          co_window_corner_a, co_window_paths_a, co_window_paths_a,
          co_window_paths_a, co_window_of_opportunity_a, co_window_cross_3,
          co_window_broadway_b, co_window_cross_2, co_window_unsneaky_path_c,
          co_window_sun, glass_columns_b, glass_columns_a, glass_columns_a,
          glass_columns_c, glass_columns_a, sigmund_army
D:5:      layout_loops_ring, minmay_temple_entry_mist
D:6:      layout_cave_pools, kennysheep_little_box,
          nicolae_overflow_crystal_walls, kennysheep_generic_room_14,
          uniq_grinder
D:7:      gammafunk_corrupted_shrine, layout_basic, lemuel_doored_altar,
          nicolae_ru_path_of_blood, serial_rivers,
          chequers_serial_rivers_micro_b, chequers_serial_rivers_marsh,
          chequers_serial_rivers_micro_d, chequers_serial_rivers_micro_c,
          chequers_serial_rivers_micro_c, chequers_serial_rivers_large_b,
          serial_shops, shop, minmay_statues_item
D:8:      layout_cave_pools
D:9:      layout_loops_cross, overflow_temple_1_default,
          erik_lair_orcish_takeover, orc_0_dummy, ebering_ghost_xom,
          grunt_decor_arrowhead, minmay_misc_feat_nine_boxes
D:10:     layout_roguey, mainiacjoe_overflow_paths, uniq_sonja
D:11:     layout_basic
D:12:     lemuel_ogre_cave, layout_irregular_city, grunt_ministairs_6,
          minmay_misc_feat_square, uniq_rupert, uniq_nessos
D:13:     layout_basic, david_vaults_2, minivault_11
D:14:     layout_roguey, maelrawn_ghost_gauntlet_escape,
          minmay_statue_crystal_thing
D:15:     grunt_enter_depths_snipers, layout_stronghold, chequers_avenue
Temple:   eino_temple_scatter_basement
Lair:1:   layout_regular_city, grunt_forest_large_clearing_hut,
          grunt_megastairs_3
Lair:2:   layout_hall_layers, spider_nest_entry_funnel_web
Lair:3:   regret_index_tunnel_blossom, layout_regular_city,
          elwin_shoals_entry_stream, uniq_snorg
Lair:4:   beast_lair_carwin_large_4, layout_cave_pods,
          gammafunk_ghost_abyssal_escape, cheibrodos_lair_lostbears,
          uniq_nergalle
Lair:5:   layout_gridlike, nicolae_slime_entry_slimehenge,
          nicolae_quartered_pool_little, chequers_serial_rivers_small_a,
          wad_woods_river_02, chequers_serial_rivers_small_b, st_stairs_12,
          chequers_serial_rivers_small_a
Lair:6:   hangedman_lair_caniforms_friends, layout_gridlike,
          minmay_lair_oklob_chamber, grunt_megastairs_4,
          infiniplex_staircase_pool_2, serial_bayou_shore_b
Orc:1:    layout_caves
Orc:2:    st_orc_ogre_mass, layout_diamond_mine, gauntlet_entry_generic,
          serial_shops, shop, kennysheep_orc_sif_temple
Elf:1:    eino_elf_arrival_the_gate, layout_loops_corners,
          hangedman_elven_crosses_minicolossus, small_chamber_with_monster

Skill      XL: |  1  2  3  4  5  6  7  8  9 10 11 12 13 14 15 16 17 |
---------------+----------------------------------------------------+-----
Long Blades    | 3 4 5 7 8 10 12 14 | 14.4
Armour         | 4 6 9 12 14 15 | 15.4
Shields        | 4 5 6 7 8 10 12 15 | 15.0
Throwing       | 4 6 8 9 |  9.3
Fighting       | 5 11 13 15 | 15.1
Evocations     | 2 8 10 | 10.2
Maces & Flails | 9 14 | 14.1

Action                   |  1- 3 |  4- 6 |  7- 9 | 10-12 | 13-15 | 16-18 || total
-------------------------+-------+-------+-------+-------+-------+-------++-------
Melee: Long sword        |   114 |   273 |   305 |   680 |  1802 |  1049 ||  4223
Throw: Dart              |       |    16 |     3 |    14 |    21 |       ||    54
       Boomerang         |       |       |     1 |    10 |    52 |       ||    63
       Throwing net      |       |       |       |     2 |       |       ||     2
       Javelin           |       |       |       |       |    10 |    13 ||    23
Invok: Call Merchant     |       |       |       |     2 |       |     2 ||     4
       Potion Petition   |       |       |       |       |     1 |       ||     1
 Abil: Hop               |       |       |     1 |     9 |    12 |     3 ||    25
Evoke: Wand              |       |       |     4 |     3 |    21 |     8 ||    36
  Use: Scroll            |     1 |       |       |    19 |    13 |    16 ||    49
       Potion            |       |     2 |     2 |     3 |     4 |     2 ||    13
 Stab: Distracted        |       |       |       |     3 |    15 |     4 ||    22
       Paralysed         |       |       |       |       |     5 |     7 ||    12
Armor: Scale mail        |    69 |   100 |    74 |   103 |   268 |       ||   614
       Gold dragon scale |       |       |       |       |   416 |   524 ||   940
Dodge: Dodged            |    30 |    69 |    67 |   151 |   335 |   128 ||   780
Block: Kite shield       |    83 |   181 |   185 |   364 |  1253 |   681 ||  2747
       Reflection        |       |       |       |       |       |    47 ||    47
       Rpst.: Long sword |    11 |    16 |    18 |    41 |    59 |    24 ||   169

Table legend: (Time is in decaauts)
 A = Elapsed time spent in this place.
 B = Non-inter-level travel time spent in this place.
 C = Inter-level travel time spent in this place.
 D = Time resting spent in this place.
 E = Time spent auto-exploring this place.
 F = Levels seen in this place.
 G = Mean time per level.
                   A        B        C        D        E       F      G
               +--------+--------+--------+--------+--------+-----+--------+
         Total |  47348 |  45553 |   1795 |  12819 |  24888 |  27 | 1753.6 |
       Dungeon |  21091 |  20144 |    947 |   3228 |  13924 |  15 | 1406.1 |
        Temple |    249 |    224 |     25 |      0 |    222 |   1 |  249.0 |
          Lair |  21115 |  20390 |    725 |   8461 |   8628 |   6 | 3519.2 |
  Orcish Mines |   2145 |   2049 |     96 |     68 |   1450 |   2 | 1072.5 |
   Elven Halls |    493 |    493 |      0 |      0 |    288 |   1 |  493.0 |
         Sewer |   1313 |   1313 |      0 |    550 |    374 |   1 | 1313.0 |
      Gauntlet |    938 |    938 |      0 |    511 |      0 |   1 |  938.0 |
               +--------+--------+--------+--------+--------+-----+--------+

Top non-repeatable levels by time:
  Lair:4: 4444 daAuts
  Lair:2: 4172 daAuts
     D:9: 3330 daAuts
  Lair:3: 3212 daAuts
  Lair:5: 3138 daAuts
  Lair:1: 3102 daAuts
  Lair:6: 3045 daAuts
    D:10: 1982 daAuts
     D:7: 1863 daAuts
     D:1: 1825 daAuts
     D:4: 1490 daAuts
    D:15: 1459 daAuts
   Orc:2: 1410 daAuts
    D:12: 1408 daAuts
   Sewer: 1313 daAuts
